 Dungeon Crawl Stone Soup version 0.30-a0-626-gd6a5dd7a1f (webtiles) character file.

Game seed: 4510466495904296841

324 Citaku the Covered (level 6, 0/53 HPs)
             Began as a Minotaur Fighter on Jan 11, 2023.
             Succumbed to a scorpion's poison
             ... on level 4 of the Dungeon.
             The game lasted 00:04:23 (2518 turns).

Citaku the Covered (Minotaur Fighter)               Turns: 2518, Time: 00:04:24

Health: 0/53       AC:  7    Str: 23    XL:     6   Next: 23%
Magic:  1/1        EV:  9    Int:  5    God:
Gold:   114        SH:  4    Dex:  9    Spells: 5/5 levels left

rFire   + + .      SeeInvis .    s - +3 falchion "Ultimatum" {antimagic, rF++ Will+ Stlth+}
rCold   . . .      Faith    .    c - +0 buckler
rNeg    . . .      Spirit   .    b - +0 scale mail
rPois   .          Reflect  .    (helmet restricted)
rElec   .          Harm     .    (no cloak)
rCorr   .          Rampage  .    (no gloves)
Will    +....                    (no boots)
Stlth   +                        (no amulet)
HPRegen 0.28/turn                (no ring)
MPRegen 0.07/turn                (no ring)

@: lethally poisoned (0 -> -8)
A: horns 2, retaliatory headbutt
a: no special abilities


You were on level 4 of the Dungeon.
You visited 1 branch of the dungeon, and saw 4 of its levels.

You collected 114 gold pieces.

Inventory:

Hand Weapons
 s - the +3 falchion "Ultimatum" (weapon) {antimagic, rF++ Will+ Stlth+}
   (You found it on level 3 of the Dungeon)

   rF:        It greatly protects you from fire.
   Will:      It increases your willpower.
   Stlth:     It makes you more stealthy.
Missiles
 a - a throwing net (quivered)
Armour
 b - a +0 scale mail (worn)
 c - a +0 buckler (worn)
Wands
 t - a wand of light (9)
Scrolls
 f - a scroll of brand weapon {unknown}
 g - 2 scrolls of amnesia {unknown}
 h - 3 scrolls of teleportation {unknown}
 k - 3 scrolls of identify {unknown}
 l - a scroll of magic mapping {unknown}
 m - a scroll of poison {unknown}
 o - 3 scrolls of summoning {unknown}
 p - a scroll of vulnerability {unknown}
 r - a scroll of enchant weapon {unknown}
Potions
 d - a potion of might
 e - 2 potions of mutation {unknown}
 i - a potion of cancellation {unknown}
 j - a potion of brilliance {unknown}
 n - a potion of haste {unknown}
 q - a potion of curing {unknown}


   Skills:
 + Level 4.7 Fighting
 * Level 5.1 Axes
 * Level 5.6 Armour
 + Level 4.7 Shields


You had 5 spell levels left.
You didn't know any spells.
Your spell library contained the following spells:

 Spells                   Type           Power      Damage    Failure   Level
 Airstrike                Air            0%         2d(0-16)  100%        4
 Summon Lightning Spire   Summ/Air       0%         N/A       100%        4
 Lightning Bolt           Conj/Air       0%         1d11      100%        5


Dungeon Overview and Level Annotations

Branches:
Dungeon (4/15)
 Temple: D:4-7

Altars:
Elyvilon


Innate Abilities, Weirdness & Mutations

You have a pair of horns on your head.
You reflexively headbutt those who attack you in melee.


Message History

The scorpion closely misses you.
You slash the scorpion!
The scorpion is heavily wounded.
You feel sick. The scorpion stings you. The scorpion closely misses you.
You furiously retaliate!
You headbutt the scorpion.
The scorpion stings you but does no damage.
You closely miss the scorpion. You headbutt the scorpion.
You kill the scorpion!
You feel sick. The scorpion completely misses you. The scorpion stings you.
* * * LOW HITPOINT WARNING * * *
Your Axes skill increases to level 5!
You feel sick. The scorpion stings you.
* * * LOW HITPOINT WARNING * * *
You hit the scorpion.
The scorpion is lightly wounded.
You feel sick. The scorpion closely misses you.
You hit the scorpion.
The scorpion is moderately wounded.
You feel sick.
You are no longer poisoned.
The scorpion closely misses you. The scorpion barely misses you.
You closely miss the scorpion.
The scorpion is moderately wounded.
The scorpion stings you but does no damage.
You block the scorpion's attack.
You hit the scorpion. You headbutt the scorpion.
The scorpion is severely wounded.
The scorpion stings you.
* * * LOW HITPOINT WARNING * * *
You are lethally poisoned!
The scorpion poisons you!
You closely miss the scorpion.
The scorpion is severely wounded.
* * * LOW HITPOINT WARNING * * *
You feel very sick. The scorpion barely misses you. The scorpion stings you.
* * * LOW HITPOINT WARNING * * *
You hit the scorpion. You headbutt the scorpion.
You kill the scorpion!
You die...

#######################
..................†....
##...........#########
#............#
#....@.......#
#............#########
......................>.
#....#########.#######.#
#.#.. #.# #.# # #. #.#
#.# # #.# #.# #.# #.#
#.# #.#


There were no monsters in sight!

Vanquished Creatures
  The ghost of Zaque the Cudgeller, an amateur TeMo (D:3)
  2 scorpions (D:4)
  Terence (D:3)
  5 adders
  2 dart slugs (D:4)
  3 worms
  An orc (D:3)
  6 ball pythons
  4 endoplasms
  2 giant cockroaches
  3 goblins
  11 hobgoblins
  5 quokkas
  11 bats
  3 frilled lizards
  6 kobolds
  6 rats
72 creatures vanquished.

Notes
Turn   | Place    | Note
-------+----------+-------------------------------------------
     0 | D:1      | Citaku the Minotaur Fighter began the quest for the Orb.
     0 | D:1      | Reached XP level 1. HP: 19/19 MP: 0/0
   165 | D:1      | Reached XP level 2. HP: 27/27 MP: 1/1
   698 | D:2      | Found a faded altar of an unknown god.
   847 | D:2      | Reached XP level 3. HP: 33/33 MP: 2/2
  1539 | D:3      | Found a white marble altar of Elyvilon.
  1540 | D:3      | Noticed Terence
  1557 | D:3      | Killed Terence
  1558 | D:3      | Reached XP level 4. HP: 15/40 MP: 3/3
  1666 | D:3      | Found a runed translucent gate.
  1666 | D:3      | Found a runed translucent gate.
  1666 | D:3      | Found a runed translucent gate.
  1669 | D:3      | Noticed Zaque's ghost (amateur TeMo)
  1686 | D:3      | Killed Zaque's ghost
  1687 | D:3      | Reached skill level 5 in Armour
  1687 | D:3      | Reached XP level 5. HP: 34/47 MP: 4/4
  1895 | D:3      | Identified the +3 falchion "Ultimatum" {antimagic, rF++
                  | Will+ Stlth+}
  2473 | D:4      | Reached XP level 6. HP: 53/53 MP: 1/5
  2512 | D:4      | Reached skill level 5 in Axes
  2518 | D:4      | Succumbed to a scorpion's poison

Illustrated notes

Levels and vault maps discovered:
D:1:      elethiomel_arrival_infinity_welcomes_careful_drivers, layout_rooms
D:2:      layout_basic, ebering_ecumenical_altar_webs, minivault_14,
          minmay_misc_feat_five, grunt_ministairs_3, grunt_decor_fettered
D:3:      minmay_bubble_buster, layout_basic, lemuel_round_altar,
          ebering_ghost_rock_garden, uniq_terence
D:4:      layout_basic, item_on_display_a, uniq_duvessa, uniq_edmund

Skill      XL: |  1  2  3  4  5  6 |
---------------+-------------------+-----
Axes           | 3 4 5 |  5.1
Armour         | 4 5 |  5.6
Fighting       | 4 |  4.7
Shields        | 4 |  4.7

Action                   |  1- 3 |  4- 6 || total
-------------------------+-------+-------++-------
Melee: War axe           |    90 |    53 ||   143
       Headbutt          |    11 |    12 ||    23
       Falchion          |       |    23 ||    23
  Use: Potion            |       |     1 ||     1
Armor: Scale mail        |    73 |    46 ||   119
Dodge: Dodged            |    65 |    49 ||   114
Block: Buckler           |    27 |    20 ||    47

Table legend: (Time is in decaauts)
 A = Elapsed time spent in this place.
 B = Non-inter-level travel time spent in this place.
 C = Inter-level travel time spent in this place.
 D = Time resting spent in this place.
 E = Time spent auto-exploring this place.
 F = Levels seen in this place.
 G = Mean time per level.
                   A        B        C        D        E       F      G
               +--------+--------+--------+--------+--------+-----+--------+
         Total |   2576 |   2576 |      0 |      0 |   1828 |   4 |  644.0 |
       Dungeon |   2576 |   2576 |      0 |      0 |   1828 |   4 |  644.0 |
               +--------+--------+--------+--------+--------+-----+--------+

Top non-repeatable levels by time:
     D:3: 993 daAuts
     D:2: 767 daAuts
     D:1: 683 daAuts
     D:4: 132 daAuts
